Map: Lerilak Crest

Players

Eisenhart - Winner!

  • Race: Zerg Zerg

lMVClSpring

  • Race: Protoss Protoss

VOD

Have the link to the VOD?

Description

Time

  • Played on: Nov. 19, 2015, 10:01 a.m.
  • Length: 28:14
Show
View Real Time Build Order
Export as new Build Order

Eisenhart Zerg - Winner!

Build Orders: Hatch First, Lurkers 

Get SALT Encoding   

  12  0:01  Drone  
  13  0:13  Overlord  
  13  0:21  Drone  
  14  0:32  Drone x2  
  16  0:52  Hatchery  
  16  0:55  Drone  
  16  1:00  Drone  
  17  1:13  Spawning Pool  
  17  1:18  Drone  
  17  1:24  Drone  
  18  1:36  Overlord  
  18  1:54  Extractor  
  18  2:00  Queen  
  19  2:04  Extractor  
  19  2:06  Zergling x6  
  19  2:08  Queen  
  24  2:22  Spine Crawler  
  22  2:54  Drone x3  
  22  2:55  Drone x3  
  28  3:05  Drone  
  28  3:06  Drone  
  30  3:22  Roach Warren  
  28  3:33  Drone x5  
  28  3:34  Drone x2  
  35  3:40  Extractor  
  34  3:59  Spine Crawler  
  33  4:03  Spine Crawler  
  32  4:16  Hatchery  
  29  4:17  Overlord x2  
  29  4:18  Overlord x2  
  29  4:19  Drone x2  
  29  4:20  Drone x2  
  28  4:45  Drone x7  
  35  4:56  Roach x4  
  43  5:06  Lair  
  43  5:20  Zergling x6  
  45  5:33  Queen  
  45  5:41  Metabolic Boost  
  44  5:57  Extractor x2  
  44  5:58  Drone  
  44  5:59  Drone x7  
  44  6:00  Drone x4  
  54  6:05  Queen  
  55  6:19  Drone x3  
  55  6:21  Roach x2  
  55  6:23  Roach x2  
  66  6:33  Drone  
  66  6:34  Roach  
  66  6:35  Overlord, Roach x2  
  73  6:47  Hydralisk Den  
  73  6:51  Spore Crawler  
  60  6:55  Drone x2  
  60  6:57  Queen  
  60  6:58  Spore Crawler x2  
  60  7:07  Spore Crawler  
  59  7:08  Spore Crawler  
  60  7:24  Hydralisk x4  
  68  7:32  Drone  
  68  7:33  Drone x3  
  72  7:40  Drone x2  
  74  7:53  Glial Reconstitution, Muscular Augments  
  74  7:58  Drone x3  
  77  7:59  Drone  
  77  8:00  Drone  
  79  8:12  Queen  
  80  8:14  Evolution Chamber  
  79  8:22  Drone x2  
  79  8:23  Overlord, Spine Crawler  
  79  8:25  Spine Crawler  
  79  8:42  Roach x5  
  84  9:12  Zergling x2  
  84  9:13  Zergling x8  
  84  9:16  Hydralisk  
  89  9:21  Overlord x2  
  89  9:22  Overlord x2  
  87  9:37  Zergling x2  
  87  9:38  Zergling x6  
  83  9:39  Overlord x2  
  83  9:41  Zergling x12  
  83  9:42  Zergling x6  
  91  9:56  Hatchery  
  91  9:57  Zergling x2  
  91  9:58  Zergling x10  
  95  10:08  Hydralisk x2  
  91  10:24  Hydralisk  
  91  10:25  Hydralisk x3  
  60  10:39  Hydralisk x3  
  60  10:40  Hydralisk x2  
  60  10:41  Lurker Den  
  70  11:07  Roach  
  70  11:08  Roach x5  
  82  11:23  Pneumatized Carapace  
  82  11:32  Zerg Missile Weapons Level 1, Evolution Chamber  
  81  11:38  Roach  
  81  11:39  Roach x8  
  98  11:55  Hydralisk x3  
  98  11:58  Overseer  
  104  12:11  Lurker  
  105  12:16  Drone x8  
  113  12:23  Zerg Ground Armor Level 1  
  113  12:25  Drone  
  113  12:28  Extractor  
  113  12:33  Extractor  
  112  12:46  Drone x3  
  112  12:47  Drone  
  112  12:48  Roach  
  112  12:49  Roach x4  
  112  12:50  Lurker  
  127  12:54  Lurker  
  128  13:16  Lurker x2  
  130  13:26  Roach  
  130  13:27  Overlord, Roach x2  
  136  13:28  Overlord x6  
  94  13:49  Roach x7  
  80  13:56  Roach  
  80  13:57  Roach x2  
  81  14:08  Roach x2  
  81  14:09  Roach x2  
  86  14:17  Roach x2  
  86  14:50  Hatchery  
  81  14:57  Roach x3  
  75  15:02  Hatchery  
  75  15:03  Zergling x2  
  75  15:04  Zergling x8  
  69  15:28  Hydralisk  
  69  15:29  Hydralisk x4  
  79  15:40  Hydralisk  
  79  15:41  Hydralisk  
  83  15:44  Drone x2  
  83  16:03  Zergling x2  
  86  16:04  Zergling x14  
  86  16:09  Lurker x2  
  93  16:16  Zergling x4  
  93  16:17  Zergling x2  
  95  16:25  Zerg Missile Weapons Level 2, Zerg Melee Weapons Level 1  
  92  16:28  Drone  
  88  16:46  Hydralisk x4  
  90  16:48  Roach  
  98  16:57  Roach x3  
  104  17:07  Drone x5  
  104  17:08  Drone x2  
  111  17:13  Lurker x2  
  111  17:14  Lurker x2  
  105  17:29  Roach x3  
  115  17:30  Roach x2  
  115  17:33  Overseer  
  115  17:41  Queen  
  117  17:44  Drone  
  117  17:47  Extractor x2  
  116  17:52  Roach x4  
  124  18:07  Roach x5  
  124  18:08  Roach x2  
  138  18:17  Hydralisk x2  
  138  18:18  Hydralisk  
  144  18:40  Hydralisk x4  
  144  18:41  Hydralisk x3  
  158  18:54  Zerg Ground Armor Level 2  
  158  19:00  Infestation Pit  
  157  19:24  Drone  
  157  19:26  Overlord x3  
  157  19:27  Overlord x5  
  158  19:52  Zergling x2  
  156  19:53  Zergling x46  
  156  19:54  Zergling x4  
  170  20:12  Zergling x4  
  170  20:13  Zergling x20  
  105  20:27  Zergling x2  
  88  20:30  Zergling x2  
  88  20:31  Zergling x12  
  85  20:53  Roach  
  85  20:54  Roach x9  
  103  21:11  Overlord  
  103  21:15  Hive  
  103  21:27  Drone x5  
  103  21:30  Roach x3  
  103  21:31  Roach x3  
  120  21:45  Hydralisk x5  
  130  21:52  Overseer  
  130  21:53  Extractor x2  
  128  22:07  Tunneling Claws  
  128  22:10  Zerg Melee Weapons Level 2  
  128  22:15  Lurker x2  
  130  22:17  Lurker  
  130  22:18  Lurker  
  133  22:23  Lurker  
  133  22:25  Hydralisk  
  133  22:26  Hydralisk x6  
  133  22:29  Drone  
  149  22:30  Drone  
  149  22:43  Overlord x2  
  149  22:44  Drone x3  
  149  22:45  Drone x2  
  149  23:36  Ultralisk Cavern  
  147  23:45  Roach x6  
  147  23:46  Roach x15  
  189  23:51  Hatchery  
  181  24:27  Zergling x8  
  181  24:28  Zergling x28  
  155  25:08  Roach  
  155  25:09  Roach x17  
  183  25:22  Hydralisk  
  183  25:23  Hydralisk x4  
  187  25:32  Ultralisk x2  
  186  26:24  Chitinous Plating  
  167  26:46  Ultralisk x2  
  167  26:47  Ultralisk x7  
  172  27:04  Roach  
  172  27:05  Ultralisk x2  
  180  27:19  Ultralisk  
  186  27:35  Zergling x14  
  186  27:36  Zergling x12  
Show
View Real Time Build Order
Export as new Build Order

lMVClSpring Protoss 

Build Orders: Double Forge, Oracle Opening 

Get SALT Encoding   

  12  0:02  Probe (Chrono Boost)  
  13  0:12  Probe (Chrono Boost)  
  14  0:23  Probe (Chrono Boost), Pylon  
  15  0:41  Probe (Chrono Boost)  
  16  0:45  Gateway  
  16  0:52  Probe (Chrono Boost)  
  17  1:03  Probe (Chrono Boost)  
  17  1:04  Assimilator  
  18  1:09  Assimilator  
  18  1:12  Pylon  
  18  1:15  Probe (Chrono Boost)  
  19  1:26  Probe (Chrono Boost)  
  20  1:39  Cybernetics Core, Probe (Chrono Boost)  
  21  1:44  Pylon  
  21  1:51  Probe (Chrono Boost)  
  23  2:01  Probe (Chrono Boost)  
  25  2:12  Probe (Chrono Boost)  
  26  2:17  Adept (Chrono Boost)  
  26  2:18  Warp Gate  
  26  2:27  Stargate  
  26  2:45  Probe  
  26  2:47  Nexus  
  27  2:52  Pylon  
  27  2:57  Mothership Core  
  29  3:01  Sentry (Chrono Boost)  
  31  3:11  Pylon  
  31  3:26  Probe  
  32  3:28  Oracle (Chrono Boost)  
  35  3:38  Probe (Chrono Boost)  
  36  3:42  Forge  
  36  3:50  Probe (Chrono Boost)  
  37  3:57  Adept  
  37  4:00  Probe (Chrono Boost)  
  37  4:01  Probe (Chrono Boost)  
  41  4:15  Probe x2 (Chrono Boost)  
  41  4:16  Oracle (Chrono Boost)  
  46  4:20  Forge  
  46  4:41  Probe  
  46  4:42  Probe  
  48  4:45  Assimilator  
  48  4:51  Probe, Assimilator  
  48  4:54  Protoss Ground Weapons Level 1  
  48  4:55  Protoss Ground Armor Level 1  
  48  4:58  Twilight Council, Pylon  
  49  5:00  Probe  
  49  5:03  Probe  
  51  5:13  Probe, Gateway  
  52  5:15  Gateway  
  52  5:16  Gateway  
  52  5:19  Pylon  
  52  5:27  Probe  
  53  5:28  Probe  
  54  5:47  Probe  
  54  5:48  Probe  
  56  5:54  Photon Cannon  
  56  5:55  Photon Cannon  
  56  5:57  Probe  
  56  6:00  Resonating Glaives, Probe  
  58  6:05  Photon Cannon  
  58  6:08  Probe  
  58  6:09  Photon Cannon  
  59  6:12  Probe  
  59  6:18  Gateway, Probe  
  60  6:20  Gateway  
  60  6:25  Gateway  
  61  6:26  Stalker  
  61  6:29  Sentry  
  61  6:30  Sentry x2  
  61  6:32  Probe  
  69  6:33  Probe  
  71  6:51  Probe, Protoss Ground Weapons Level 2 (Chrono Boost), Protoss Ground Armor Level 2 (Chrono Boost)  
  71  6:53  Probe  
  73  7:03  Probe  
  73  7:05  Probe  
  73  7:06  Stalker x2  
  73  7:07  Stalker x2  
  80  7:18  Probe  
  81  7:23  Probe, Void Ray (Chrono Boost)  
  86  7:31  Pylon  
  86  7:33  Pylon  
  86  7:34  Pylon  
  86  7:38  Pylon  
  86  7:39  Pylon  
  86  7:44  Blink  
  86  7:49  Probe x2  
  88  7:52  Templar Archives  
  88  8:01  Probe  
  89  8:07  Pylon  
  89  8:10  Void Ray  
  93  8:13  Probe  
  93  8:15  Stalker x3  
  100  8:20  Stalker  
  100  8:24  Probe  
  100  8:25  Probe  
  104  8:28  Psionic Storm  
  104  8:40  Robotics Facility  
  104  8:42  Probe  
  105  8:50  Probe  
  105  8:52  Stalker  
  105  8:53  Stalker x2  
  104  9:40  Probe  
  104  9:43  Stalker x6  
  115  9:57  Probe x2  
  117  10:00  Observer  
  118  10:08  Sentry  
  118  10:09  Sentry x4, Probe  
  117  10:23  Stalker  
  117  10:24  Stalker  
  115  10:33  Probe x2  
  115  10:36  Charge (Chrono Boost)  
  115  10:45  Probe x2  
  117  10:55  Zealot x2  
  117  10:56  Protoss Ground Weapons Level 3 (Chrono Boost), Zealot x5  
  131  10:58  Nexus  
  131  11:00  Pylon  
  131  11:02  Probe, Pylon  
  132  11:06  Pylon, Protoss Ground Armor Level 3 (Chrono Boost)  
  132  11:12  Probe  
  132  11:18  Warp Prism  
  133  11:25  Pylon  
  135  11:28  Gateway  
  135  11:29  Gateway  
  135  11:30  Gateway  
  135  11:35  Assimilator  
  135  11:38  Probe  
  133  11:40  High Templar, Assimilator  
  133  11:42  High Templar  
  133  11:46  Probe  
  138  11:50  Probe  
  139  12:00  Probe  
  140  12:13  Probe  
  141  12:16  High Templar x2  
  141  12:19  High Templar  
  141  12:22  Probe  
  148  12:32  Photon Cannon  
  148  12:33  Photon Cannon  
  148  12:36  Probe x2, Photon Cannon  
  150  12:39  Pylon  
  150  12:47  Adept x2  
  150  12:48  Adept  
  156  12:52  Adept  
  158  13:05  High Templar x3  
  162  13:06  High Templar  
  162  13:09  Archon x2  
  166  13:20  Stalker x3  
  166  13:22  Stalker  
  166  13:26  Probe x2  
  176  13:30  Probe  
  121  14:31  Stalker x3  
  121  14:32  Stalker x4  
  121  14:33  Stalker x2  
  121  14:34  Probe  
  121  14:35  Probe  
  141  14:39  Probe  
  142  14:52  Robotics Facility  
  142  14:53  Robotics Facility  
  142  14:56  Pylon  
  134  15:06  Probe  
  132  15:08  Probe  
  132  15:12  Immortal  
  138  15:19  Probe  
  138  15:20  Protoss Shields Level 1  
  139  15:25  Nexus  
  139  15:26  High Templar x2  
  139  15:27  High Templar  
  139  15:28  Pylon  
  145  15:30  Pylon  
  145  15:31  Probe  
  146  15:56  Probe  
  147  16:13  Zealot x4  
  147  16:28  Stalker  
  147  16:29  Stalker x3  
  147  16:30  Stalker x2  
  159  16:47  Probe  
  159  16:49  Probe x2  
  159  16:53  Robotics Bay  
  162  17:01  Assimilator  
  162  17:03  Protoss Shields Level 2  
  162  17:05  Assimilator  
  162  17:09  Photon Cannon  
  162  17:13  Photon Cannon  
  162  17:22  Immortal  
  166  17:23  Immortal  
  166  17:26  Probe  
  171  17:44  Disruptor  
  174  17:54  Pylon  
  173  18:01  Stalker x3, Disruptor  
  173  18:02  Stalker x6  
  194  18:08  Disruptor  
  197  18:31  Observer  
  198  18:38  Zealot  
  200  19:00  Protoss Shields Level 3  
  200  19:01  Nexus  
  200  19:03  Pylon  
  200  19:06  Pylon  
  200  19:08  Pylon  
  200  19:28  Assimilator  
  200  19:32  Assimilator  
  200  19:36  Photon Cannon  
  200  19:38  Photon Cannon  
  200  19:40  Photon Cannon  
  200  19:44  Photon Cannon  
  200  19:46  Photon Cannon  
  200  19:50  Photon Cannon  
  200  19:51  Photon Cannon  
  109  20:21  Archon  
  96  20:24  Archon  
  84  20:39  Observer x2  
  86  20:47  Nexus  
  86  20:49  Pylon  
  86  20:52  Pylon  
  86  21:05  Probe  
  86  21:07  Probe x2  
  89  21:16  Probe x2  
  91  21:19  Probe x2  
  93  21:25  Mothership Core  
  93  21:26  Disruptor (Chrono Boost)  
  93  21:27  Probe  
  93  21:29  Disruptor (Chrono Boost)  
  102  21:41  Stalker  
  102  21:43  Stalker x3  
  102  21:44  Stalker x3  
  102  21:45  Stalker x2  
  102  21:46  Stalker  
  122  21:54  Disruptor (Chrono Boost)  
  125  22:06  Probe  
  125  22:08  Probe  
  127  22:09  Probe x2  
  127  22:11  Probe  
  130  22:26  Assimilator  
  130  22:28  Pylon  
  130  22:30  High Templar x3  
  130  22:35  Pylon  
  136  22:38  Probe  
  136  22:39  Observer (Chrono Boost)  
  138  22:57  Stalker x2  
  138  22:58  Stalker x3  
  146  22:59  Stalker  
  150  23:11  Stalker x3  
  156  23:26  High Templar  
  158  23:29  Nexus  
  158  23:31  Pylon  
  158  23:34  Pylon  
  158  23:36  Pylon  
  158  23:40  Zealot  
  153  24:38  Assimilator  
  153  24:42  Assimilator  
  153  24:45  Photon Cannon, High Templar x3  
  154  24:47  Photon Cannon  
  154  24:48  High Templar x2  
  161  24:58  Archon x2  
  131  25:10  Archon  
  131  25:13  Stalker x3  
  131  25:14  Stalker x2  
  132  25:45  Disruptor (Chrono Boost)  
  132  25:48  Probe, Disruptor (Chrono Boost)  
  143  25:52  Immortal (Chrono Boost)  
  143  26:05  Stalker x5  
  143  26:06  Stalker x4, Nexus  
  143  26:07  Stalker  
  143  26:10  Pylon  
  161  26:14  Pylon  
  161  26:16  Disruptor (Chrono Boost), Pylon  
  158  26:20  Pylon  
  158  26:23  Disruptor (Chrono Boost)  
  140  26:47  Stalker x5  
  140  26:48  Stalker x3  
  140  26:53  Probe  
  156  26:55  Probe  
  154  27:07  Probe  
  150  27:09  Probe x2  
  153  27:16  Zealot  
  155  27:30  Stalker x7  
  155  27:31  Stalker x2  
  177  27:52  Assimilator  
  177  27:57  Gateway  
  177  27:58  Gateway  
  172  28:01  Gateway  
Tags
 
Add a new tag
Caveats
  • Supply blocks, unpowered buildings, or Contaminate may cause inaccurate times.
  • Supply counts are checked every 10 seconds.